 Dungeon Crawl Stone Soup version 0.31.0-11-ge490571c62 (webtiles) character file.

Game seed: 235738861870493646

79 qw the Shooter (level 4, 0/25 HPs)
             Began as a Deep Elf Hunter on Feb 4, 2024.
             Slain by Menkaure (9 damage)
             ... on level 5 of the Dungeon.
             The game lasted 00:00:06 (1265 turns).

qw the Shooter (Deep Elf Hunter)                    Turns: 1265, Time: 00:00:06

Health: 0/25       AC:  8    Str: 10    XL:     4   Next: 17%
Magic:  6/6        EV: 11    Int: 14    God:
Gold:   43         SH:  0    Dex: 23    Spells: 3/3 levels left

rFire   . . .        a - +0 shortbow
rCold   . . .        (shield currently unavailable)
rNeg    . . .        h - +3 ring mail "Eklaat" {Dex+5}
rPois   .            (no helmet)
rElec   .            (no cloak)
rCorr   .            (no gloves)
SInv    .            (no boots)
Will    .....        (no amulet)
Stlth   ++           (no ring)
HPRegen 0.24/turn    (no ring)
MPRegen 0.10/turn

%: no passive effects
@: hasted, very quick
A: no striking features
a: no special abilities


You were on level 5 of the Dungeon.
You visited 1 branch of the dungeon, and saw 4 of its levels.

You collected 153 gold pieces.
You spent 110 gold pieces at shops.


   Skills:
 - Level 1.5 Fighting
 + Level 7.6 Ranged Weapons
 - Level 2.4 Dodging
 - Level 1.2 Stealth


You had 3 spell levels left.
You didn't know any spells.
Your spell library was empty.

Inventory:

Hand Weapons
 a - a +0 shortbow (weapon)
Armour
 h - the +3 ring mail "Eklaat" (worn) {Dex+5}
   (You found it on level 2 of the Dungeon)

   Dex+5:     It affects your dexterity (+5).
Scrolls
 b - 2 scrolls of identify
 c - a scroll of poison {unknown}
 g - 2 scrolls of teleportation

Dungeon Overview and Level Annotations

Branches:
Dungeon (5/15)
 Temple: D:4-7

Altars:

Shops:
D:2 ?

Annotations:
D:5 Menkaure


Message History

There is an entrance to a sewer on this level.
Hurry and find it before the portal rusts away!
Found a stone staircase leading down.
Waypoint 3 assigned to D:5.
1242 ||| PLANNING SEWER
Found 6 stones.
Found a leather armour.
Menkaure, Prince of Dust comes into view.
1253 ||| DRINKING potion of haste.
You feel yourself speed up.
Menkaure shouts!
You shoot an arrow. The arrow barely misses Menkaure.
b - 2 scrolls of identify (gained 1) Menkaure is nearby!
You shoot an arrow. The arrow hits Menkaure.
Menkaure is lightly damaged.
Menkaure murmurs a few words.
You shoot an arrow. The arrow hits Menkaure!
Menkaure is heavily damaged.
You shoot an arrow.
The arrow hits Menkaure but does no damage.
Menkaure is heavily damaged.
Menkaure gestures at you while chanting.
Pain shoots through your body!
You shoot an arrow. The arrow hits Menkaure.
Menkaure is heavily damaged.
An orc comes into view. It is wielding a +0 dagger.
Menkaure gestures at you while chanting.
Pain shoots through your body!
You shoot an arrow. The orc shouts!
The arrow hits Menkaure.
Menkaure is heavily damaged.
You shoot an arrow.
The arrow hits Menkaure but does no damage.
Menkaure is heavily damaged.
You shoot an arrow. The arrow hits Menkaure!
Menkaure is almost destroyed.
You shoot an arrow. The arrow barely misses Menkaure.
You shoot an arrow. The arrow barely misses Menkaure.
The orc throws a boomerang.
The boomerang hits you. Menkaure hits you!
You die...

.... ... .. ... ...
... ..###..
#.##.#... .
##.......# #
.#........##.#.#
.........M.......
..##.o...@.......
.#........#.##...
.........## .....
........######....
......(....#.......
...................
...................
...................
...................


You could see Menkaure and an orc.

Vanquished Creatures
  3 adders (D:2)
  5 dart slugs
  A ribbon worm (D:3)
  2 endoplasms (D:2)
  A giant cockroach (D:2)
  4 goblins
  3 hobgoblins
  3 jackals (D:2)
  2 kobolds
  A quokka (D:2)
  3 ball pythons
  3 bats
  6 frilled lizards
  6 rats
43 creatures vanquished.

Notes
Turn   | Place    | Note
-------+----------+-------------------------------------------
     0 | D:1      | qw the Deep Elf Hunter began the quest for the Orb.
     0 | D:1      | Reached XP level 1. HP: 12/12 MP: 3/3
     0 | D:1      | 0 ||| qw: Version: 0.3-a-160-g6735b56
     0 | D:1      | 0 ||| qw: Game counter: 5523
     0 | D:1      | 0 ||| qw: Melee chars always use a shield: true
     0 | D:1      | 0 ||| qw: God list: Okawaru
     0 | D:1      | 0 ||| qw: Allow faded altars: false
     0 | D:1      | 0 ||| qw: Do Orc after clearing Dungeon:15 true
     0 | D:1      | 0 ||| qw: Do second Lair branch before Depths: true
     0 | D:1      | 0 ||| qw: Lair rune preference: random
     0 | D:1      | 0 ||| qw: Goals: Normal
     0 | D:1      | 0 ||| PLANNING D:1-11
    27 | D:1      | Reached XP level 2. HP: 15/16 MP: 4/4
    29 | D:1      | Reached skill level 6 in Ranged Weapons
   384 | D:1      | 384 ||| UPGRADING to +0 scale mail.
   394 | D:1      | 394 ||| DROPPING +0 leather armour.
   395 | D:1      | 395 ||| READING scroll labelled BODANAUFRU.
   396 | D:1      | 396 ||| READING scroll labelled TASAPADOOM.
   397 | D:1      | 397 ||| READING scroll labelled ERE BOCAEGRE.
   400 | D:1      | 400 ||| DRINKING 2 lumpy yellow potions.
   401 | D:1      | 401 ||| DROPPING scroll of butterflies.
   581 | D:2      | Reached XP level 3. HP: 20/20 MP: 5/5
   795 | D:2      | Found Koshix's Magic Scroll Boutique.
   812 | D:2      | 812 ||| BUYING scroll of identify (20 gold).
   812 | D:2      | Bought a scroll of identify for 20 gold pieces
   812 | D:2      | 812 ||| BUYING scroll of identify (20 gold).
   812 | D:2      | Bought a scroll of identify for 20 gold pieces
   812 | D:2      | 812 ||| BUYING scroll of identify (20 gold).
   812 | D:2      | Bought a scroll of identify for 20 gold pieces
   812 | D:2      | 812 ||| BUYING scroll of identify (20 gold).
   812 | D:2      | Bought a scroll of identify for 20 gold pieces
   812 | D:2      | 812 ||| BUYING scroll of teleportation (30 gold).
   812 | D:2      | Bought a scroll of teleportation for 30 gold pieces
   830 | D:2      | Reached skill level 7 in Ranged Weapons
   953 | D:2      | Identified the +3 ring mail "Eklaat" {Dex+5}
  1033 | D:2      | Reached XP level 4. HP: 25/25 MP: 6/6
  1125 | D:2      | 1125 ||| UPGRADING to +3 ring mail "Eklaat" {Dex+5}.
  1135 | D:2      | 1135 ||| DROPPING +0 scale mail.
  1136 | D:2      | 1136 ||| READING 5 scrolls of identify.
  1136 | D:2      | 1136 ||| IDENTIFYING 2 grey potions
  1137 | D:2      | 1137 ||| READING 4 scrolls of identify.
  1137 | D:2      | 1137 ||| IDENTIFYING scroll labelled OTHRAH JENTI
  1138 | D:2      | 1138 ||| READING 3 scrolls of identify.
  1138 | D:2      | 1138 ||| IDENTIFYING scroll labelled DUAJUT OCIRYWN
  1139 | D:2      | 1139 ||| READING 2 scrolls of identify.
  1139 | D:2      | 1139 ||| IDENTIFYING 2 scrolls labelled NUNOISO UDAISM
  1140 | D:2      | 1140 ||| DROPPING 2 potions of brilliance.
  1141 | D:2      | 1141 ||| DROPPING 2 scrolls of fog.
  1142 | D:2      | 1142 ||| DROPPING scroll of amnesia.
  1143 | D:2      | 1143 ||| DROPPING scroll of blinking.
  1175 | D:3      | 1175 ||| FLEEEEING.
  1176 | D:3      | 1176 ||| FLEEEEING.
  1178 | D:3      | 1178 ||| FLEEEEING.
  1179 | D:3      | 1179 ||| FLEEEEING.
  1181 | D:3      | 1181 ||| FLEEEEING.
  1182 | D:3      | 1182 ||| STAIRDANCE
  1241 | D:3      | You fall into a shaft and drop 2 floors!
  1241 | D:5      | Entered Level 5 of the Dungeon
  1242 | D:5      | 1242 ||| PLANNING SEWER
  1252 | D:5      | Noticed Menkaure
  1253 | D:5      | 1253 ||| DRINKING potion of haste.
  1265 | D:5      | Slain by Menkaure

Levels and vault maps discovered:
D:1:      heliophobic_arrival_battle_scene, layout_rooms,
          minmay_stone_trees_small, minmay_pentomino_p4
D:2:      layout_basic, serial_corexii_hall, corexii_hall_statues_l,
          chequers_hall_statues_y, serial_shops, shop, minmay_lizard_pond
D:3:      layout_loops_ring, ebering_ghost_reflecting_pool, uniq_terence,
          uniq_ijyb, uniq_crazy_yiuf_cottage
D:5:      layout_cave_pools, lemuel_doored_altar, cheibrodos_sewer_entry_sluice,
          corexii_shack, nicolae_half_adder, uniq_menkaure, uniq_sigmund

Skill      XL: |  1  2  3 |
---------------+----------+-----
Ranged Weapons | 6 7 |  7.6
Fighting       | |  1.5
Dodging        | |  2.4
Stealth        | |  1.2

Action                     |  1- 3 |  4- 6 || total
---------------------------+-------+-------++-------
   Fire: Shortbow          |   103 |    26 ||   129
    Use: Scroll            |     3 |     4 ||     7
         Potion            |     1 |     1 ||     2
 Armour: Leather armour    |     3 |       ||     3
         Scale mail        |    33 |       ||    33
         Ring mail         |       |     3 ||     3
  Dodge: Dodged            |    23 |     4 ||    27

Table legend:
 A = Non-vault XP
 B = Vault XP
 C = Vault XP percentage of total XP
 D = Non-vault monster count
 E = Vault monster count
 F = Vault count percentage of total count
                 A         B        C        D         E       F
            +---------+---------+-------+---------+---------+-------
      Total |      98 |      16 |  14.0 |      34 |       9 |  20.9
            +---------+---------+-------+---------+---------+-------
        D:1 |      13 |      13 |  50.0 |       9 |       6 |  40.0
        D:2 |      68 |       3 |   4.2 |      19 |       3 |  13.6
        D:3 |      17 |       0 |   0.0 |       6 |       0 |   0.0
            +---------+---------+-------+---------+---------+-------
